2230 views
Uploaded 2022-11-17 12:41:24
Game version 1.33
137:43 long 3on3 ladder game on (6)UpperKingdom
Saved by Cabeelibob
2230 views
Uploaded 2022-11-17 12:41:24
Game version 1.33
137:43 long 3on3 ladder game on (6)UpperKingdom


237 units @ 32.3k
/ 4.5k
212 buildings @ 25.5k
/ 11.5k



| Lesser Clarity Potion | 2 | 140 |
| Scroll of Regeneration | 2 | 200 |
| Staff of Sanctuary | 4 | 1000 |
| Scroll of Town Portal | 4 | 1400 |
| Orb of Venom | 2 | 650 |
| Anti-magic Potion | 3 | 300 |
| Staff of Preservation | 2 | 300 |
| total: | 19 | 3990g |
| Peasant | 35 | 2625 | / | 0 |
| Footman | 4 | 540 | / | 0 |
| Mortar Team | 1 | 180 | / | 70 |
| Dragonhawk Rider | 17 | 3400 | / | 510 |
| Siege Engine | 24 | 4680 | / | 1440 |
| Ice Troll Berserker | 1 | 245 | / | 30 |
| Wisp | 33 | 1980 | / | 0 |
| Archer | 35 | 4550 | / | 350 |
| Huntress | 2 | 390 | / | 40 |
| Hippogryph | 17 | 2720 | / | 340 |
| Druid of the Talon | 1 | 145 | / | 20 |
| total: | 170 | 21455g | / | 2800w |
| Scout Tower | 62 | 1860 | / | 1240 |
| Arcane Tower | 6 | 420 | / | 300 |
| Guard Tower | 29 | 2030 | / | 1450 |
| Altar of Kings | 3 | 540 | / | 150 |
| Farm | 35 | 2800 | / | 700 |
| Barracks | 1 | 160 | / | 60 |
| Town Hall | 6 | 2310 | / | 1230 |
| Lumber Mill | 2 | 240 | / | 0 |
| Blacksmith | 2 | 280 | / | 120 |
| Arcane Vault | 5 | 650 | / | 150 |
| Cannon Tower | 11 | 1320 | / | 1100 |
| Workshop | 5 | 700 | / | 700 |
| Arcane Sanctum | 1 | 150 | / | 140 |
| Gryphon Aviary | 1 | 140 | / | 150 |
| Keep | 2 | 640 | / | 420 |
| Castle | 3 | 1080 | / | 630 |
| Ancient Protector | 6 | 810 | / | 480 |
| Altar of Elders | 2 | 360 | / | 100 |
| Moon Well | 16 | 2880 | / | 640 |
| Ancient of War | 3 | 450 | / | 180 |
| Ancient of Wonders | 3 | 270 | / | 90 |
| Hunter's Hall | 1 | 210 | / | 100 |
| Tree of Life | 2 | 680 | / | 370 |
| Ancient of Wind | 6 | 900 | / | 840 |
| Tree of Ages | 1 | 320 | / | 180 |
| Tree of Eternity | 1 | 330 | / | 200 |
| total: | 162 | 16390g | / | 7440w |
| 0:02 | Peasant |
| 0:02 | Peasant |
| 0:02 | Peasant |
| 0:05 | Wisp |
| 0:05 | Wisp |
| 0:05 | Wisp |
| 0:07 | Altar of Elders |
| 0:16 | Altar of Kings |
| 0:20 | Moon Well |
| 0:34 | Ancient of War |
| 0:36 | Peasant |
| 0:39 | Farm |
| 0:44 | Wisp |
| 0:44 | Wisp |
| 0:54 | Barracks |
| 0:59 | Peasant |
| 1:03 | Farm |
| 1:07 | Peasant |
| 1:08 | Peasant |
| 1:10 | Wisp |
| 1:16 | Wisp |
| 1:29 | Moon Well |
| 1:34 | Archer |
| 1:37 | Peasant |
| 1:41 | Farm |
| 1:45 | Peasant |
| 1:46 | Wisp |
| 1:51 | Ancient of Wonders |
| 1:56 | Footman |
| 1:59 | Peasant |
| 2:01 | Scout Tower |
| 2:03 | Archer |
| 2:15 | Archer |
| 2:17 | Blizzard |
| 2:18 | Footman |
| 2:27 | Footman |
| 2:30 | Force of Nature |
| 2:33 | Arcane Tower |
| 2:36 | Wisp |
| 2:50 | Hunter's Hall |
| 3:00 | Archer |
| 3:03 | Footman |
| 3:04 | Peasant |
| 3:14 | Brilliance Aura |
| 3:30 | Town Hall |
| 3:32 | Scout Tower |
| 3:35 | Archer |
| 3:35 | Ancient of War |
| 3:36 | Wisp |
| 3:36 | Wisp |
| 4:12 | Lesser Clarity Potion |
| 4:14 | Moon Well |
| 4:20 | Blizzard |
| 4:35 | Ancient Protector |
| 4:37 | Ancient Protector |
| 4:40 | Peasant |
| 4:40 | Peasant |
| 4:41 | Lumber Mill |
| 4:43 | Arcane Tower |
| 4:44 | Peasant |
| 4:45 | Peasant |
| 4:45 | Peasant |
| 4:45 | Peasant |
| 4:45 | Peasant |
| 4:48 | Huntress |
| 5:19 | Peasant |
| 5:19 | Peasant |
| 5:19 | Peasant |
| 5:21 | Peasant |
| 5:22 | Peasant |
| 5:23 | Wisp |
| 5:23 | Wisp |
| 5:26 | Moon Well |
| 5:49 | Improved Lumber Harvesting |
| 5:50 | Keep |
| 5:51 | Peasant |
| 5:51 | Peasant |
| 5:54 | Scout Tower |
| 5:54 | Scout Tower |
| 5:55 | Scout Tower |
| 5:55 | Scout Tower |
| 5:56 | Scout Tower |
| 5:57 | Scout Tower |
| 5:57 | Scout Tower |
| 5:58 | Peasant |
| 5:58 | Peasant |
| 6:37 | Ice Troll Berserker |
| 6:44 | Scout Tower |
| 6:45 | Scout Tower |
| 6:46 | Blacksmith |
| 6:48 | Scout Tower |
| 6:48 | Scout Tower |
| 6:48 | Scout Tower |
| 6:49 | Scout Tower |
| 6:51 | Brilliance Aura |
| 7:01 | Huntress |
| 7:07 | Ancient Protector |
| 7:07 | Ancient Protector |
| 7:46 | Archer |
| 7:54 | Tree of Life |
| 8:00 | Guard Tower |
| 8:01 | Guard Tower |
| 8:02 | Guard Tower |
| 8:02 | Arcane Tower |
| 8:03 | Arcane Tower |
| 8:03 | Arcane Tower |
| 8:04 | Peasant |
| 8:04 | Peasant |
| 8:17 | Archer |
| 8:27 | Archer |
| 8:46 | Wisp |
| 8:46 | Wisp |
| 8:49 | Arcane Tower |
| 8:50 | Guard Tower |
| 8:51 | Workshop |
| 8:52 | Farm |
| 8:54 | Farm |
| 8:54 | Farm |
| 8:55 | Improved Masonry |
| 8:55 | Advanced Lumber Harvesting |
| 8:57 | Peasant |
| 8:57 | Peasant |
| 8:58 | Castle |
| 8:59 | Guard Tower |
| 9:18 | Nature's Blessing |
| 9:40 | Improved Bows |
| 9:48 | Guard Tower |
| 9:49 | Scout Tower |
| 9:50 | Scout Tower |
| 9:52 | Scout Tower |
| 9:52 | Scout Tower |
| 9:52 | Scout Tower |
| 9:53 | Scout Tower |
| 9:53 | Scout Tower |
| 9:59 | Brilliance Aura |
| 10:19 | Trueshot Aura |
| 10:22 | Tree of Eternity |
| 10:24 | Ancient Protector |
| 10:24 | Ancient Protector |
| 11:01 | Scout Tower |
| 11:02 | Scout Tower |
| 11:02 | Scout Tower |
| 11:04 | Workshop |
| 11:14 | Wisp |
| 11:14 | Wisp |
| 11:14 | Wisp |
| 11:14 | Wisp |
| 11:14 | Wisp |
| 11:16 | Ancient of Wind |
| 11:17 | Ancient of Wind |
| 11:25 | Cannon Tower |
| 11:30 | Arcane Vault |
| 11:30 | Advanced Masonry |
| 11:34 | Arcane Vault |
| 11:36 | Arcane Vault |
| 11:47 | Force of Nature |
| 11:57 | Cluster Rockets |
| 12:08 | Scroll of Town Portal |
| 12:32 | Hippogryph |
| 12:57 | Marksmanship |
| 12:58 | Archer |
| 12:59 | Hippogryph |
| 13:02 | Ancient of Wonders |
| 13:03 | Cannon Tower |
| 13:16 | Archer |
| 13:30 | Cannon Tower |
| 13:37 | Cannon Tower |
| 13:45 | Engineering Upgrade |
| 13:50 | Archer |
| 13:51 | Hippogryph |
| 13:54 | Cannon Tower |
| 13:56 | Scout Tower |
| 13:56 | Scout Tower |
| 13:57 | Scout Tower |
| 13:57 | Scout Tower |
| 13:59 | Trueshot Aura |
| 14:08 | Arcane Sanctum |
| 14:10 | Fragmentation Shards |
| 14:10 | Barrage |
| 14:33 | Scout Tower |
| 14:34 | Scout Tower |
| 14:41 | Archer |
| 14:41 | Hippogryph |
| 14:46 | Moon Well |
| 14:46 | Moon Well |
| 14:54 | Town Hall |
| 14:57 | Arcane Vault |
| 14:59 | Scroll of Regeneration |
| 14:59 | Staff of Sanctuary |
| 15:01 | Scroll of Town Portal |
| 15:06 | Cannon Tower |
| 15:08 | Holy Light |
| 15:33 | Wisp |
| 15:34 | Wisp |
| 15:34 | Wisp |
| 15:34 | Wisp |
| 15:34 | Wisp |
| 15:34 | Wisp |
| 15:34 | Wisp |
| 15:34 | Wisp |
| 16:08 | Imbued Masonry |
| 16:16 | Orb of Venom |
| 16:16 | Anti-magic Potion |
| 16:16 | Scroll of Town Portal |
| 16:55 | Staff of Sanctuary |
| 17:19 | Archer |
| 17:19 | Hippogryph |
| 17:45 | Well Spring |
| 18:09 | Mortar Team |
| 18:17 | Wisp |
| 18:18 | Wisp |
| 18:36 | Scroll of Regeneration |
| 18:44 | Cannon Tower |
| 18:47 | Town Hall |
| 18:52 | Peasant |
| 18:53 | Peasant |
| 18:57 | Cannon Tower |
| 19:32 | Hippogryph |
| 20:03 | Divine Shield |
| 20:18 | Staff of Preservation |
| 20:21 | Anti-magic Potion |
| 20:21 | Anti-magic Potion |
| 20:25 | Archer |
| 20:26 | Hippogryph |
| 21:08 | Moon Well |
| 21:21 | Archer |
| 21:29 | Priest Adept Training |
| 21:29 | Magic Sentry |
| 21:36 | Black Gunpowder |
| 21:36 | Iron Plating |
| 21:41 | Workshop |
| 21:42 | Workshop |
| 22:21 | Peasant |
| 22:21 | Peasant |
| 23:06 | Staff of Sanctuary |
| 23:37 | Cluster Rockets |
| 24:23 | Lesser Clarity Potion |
| 24:24 | Staff of Sanctuary |
| 24:40 | Orb of Venom |
| 24:40 | Staff of Preservation |
| 25:12 | Flak Cannons |
| 25:38 | Archer |
| 25:38 | Archer |
| 25:42 | Reinforced Hides |
| 26:42 | Archer |
| 26:42 | Archer |
| 26:43 | Archer |
| 26:43 | Wisp |
| 26:43 | Wisp |
| 26:43 | Wisp |
| 26:44 | Ancient of Wind |
| 26:45 | Ancient of Wind |
| 26:56 | Scroll of Town Portal |
| 27:44 | Refined Gunpowder |
| 27:44 | Steel Plating |
| 27:57 | Siege Engine |
| 28:08 | Siege Engine |
| 28:09 | Siege Engine |
| 28:53 | Druid of the Talon |
| 30:00 | Siege Engine |
| 30:17 | Farm |
| 30:17 | Farm |
| 30:18 | Farm |
| 30:21 | Mithril Plating |
| 30:21 | Imbued Gunpowder |
| 30:29 | Tree of Ages |
| 30:32 | Moon Well |
| 30:33 | Moon Well |
| 30:34 | Moon Well |
| 30:34 | Moon Well |
| 30:35 | Ancient of War |
| 30:36 | Moon Well |
| 31:24 | Siege Engine |
| 31:24 | Siege Engine |
| 31:24 | Siege Engine |
| 31:25 | Siege Engine |
| 31:31 | Entangling Roots |
| 31:50 | Mass Teleport |
| 31:59 | Altar of Elders |
| 32:07 | Siege Engine |
| 32:07 | Siege Engine |
| 32:47 | Lumber Mill |
| 33:13 | Siege Engine |
| 33:15 | Farm |
| 33:41 | Archer |
| 33:42 | Archer |
| 33:42 | Archer |
| 33:42 | Archer |
| 33:42 | Archer |
| 33:42 | Archer |
| 33:42 | Archer |
| 33:42 | Archer |
| 33:42 | Archer |
| 33:43 | Ancient of Wind |
| 33:49 | Siege Engine |
| 33:49 | Siege Engine |
| 34:00 | Studded Leather Armor |
| 34:11 | Shadow Strike |
| 34:50 | Hippogryph |
| 34:50 | Hippogryph |
| 34:50 | Hippogryph |
| 34:50 | Hippogryph |
| 34:50 | Hippogryph |
| 34:51 | Hippogryph |
| 34:51 | Hippogryph |
| 34:51 | Hippogryph |
| 34:52 | Archer |
| 34:52 | Archer |
| 34:52 | Archer |
| 35:02 | Scout Tower |
| 35:11 | Scout Tower |
| 35:19 | Ancient of Wind |
| 35:21 | Moon Well |
| 35:31 | Farm |
| 35:32 | Farm |
| 35:32 | Farm |
| 35:33 | Farm |
| 35:35 | Cannon Tower |
| 35:58 | Archer |
| 36:16 | Farm |
| 36:17 | Farm |
| 36:17 | Farm |
| 36:25 | Scout Tower |
| 36:39 | Hippogryph |
| 36:39 | Hippogryph |
| 36:40 | Archer |
| 36:41 | Archer |
| 37:12 | Cannon Tower |
| 37:41 | Holy Light |
| 37:55 | Ancient of Wonders |
| 38:16 | Town Hall |
| 38:19 | Town Hall |
| 38:57 | Farm |
| 38:58 | Farm |
| 39:01 | Farm |
| 39:02 | Farm |
| 39:03 | Guard Tower |
| 39:17 | Tree of Life |
| 39:25 | Farm |
| 39:26 | Farm |
| 39:29 | Farm |
| 39:51 | Farm |
| 39:52 | Farm |
| 39:53 | Farm |
| 39:57 | Scout Tower |
| 39:57 | Scout Tower |
| 39:59 | Scout Tower |
| 40:00 | Scout Tower |
| 40:20 | Farm |
| 40:25 | Guard Tower |
| 41:09 | Guard Tower |
| 41:28 | Farm |
| 41:30 | Guard Tower |
| 41:32 | Scout Tower |
| 42:26 | Guard Tower |
| 42:26 | Guard Tower |
| 42:38 | Scout Tower |
| 43:00 | Scout Tower |
| 43:16 | Keep |
| 43:17 | Guard Tower |
| 44:00 | Scout Tower |
| 44:11 | Guard Tower |
| 44:13 | Moon Well |
| 44:37 | Moon Well |
| 44:41 | Scout Tower |
| 44:42 | Scout Tower |
| 44:43 | Scout Tower |
| 44:44 | Scout Tower |
| 44:58 | Scout Tower |
| 45:08 | Guard Tower |
| 45:11 | Blacksmith |
| 45:17 | Farm |
| 45:33 | Town Hall |
| 45:52 | Guard Tower |
| 45:58 | Altar of Kings |
| 46:01 | Scout Tower |
| 46:08 | Altar of Kings |
| 46:24 | Guard Tower |
| 46:27 | Guard Tower |
| 46:56 | Scout Tower |
| 47:05 | Castle |
| 47:18 | Moon Well |
| 47:39 | Scout Tower |
| 47:50 | Scout Tower |
| 47:55 | Scout Tower |
| 47:58 | Workshop |
| 48:40 | Guard Tower |
| 49:14 | Scout Tower |
| 49:17 | Scout Tower |
| 49:18 | Scout Tower |
| 49:22 | Scout Tower |
| 49:23 | Scout Tower |
| 49:25 | Scout Tower |
| 49:37 | Siege Engine |
| 49:38 | Siege Engine |
| 49:38 | Siege Engine |
| 49:38 | Siege Engine |
| 49:38 | Siege Engine |
| 49:38 | Siege Engine |
| 49:38 | Siege Engine |
| 49:39 | Siege Engine |
| 49:41 | Farm |
| 50:01 | Guard Tower |
| 50:18 | Guard Tower |
| 50:28 | Scout Tower |
| 50:31 | Scout Tower |
| 50:32 | Scout Tower |
| 50:35 | Scout Tower |
| 50:45 | Guard Tower |
| 50:52 | Farm |
| 51:10 | Guard Tower |
| 51:43 | Gryphon Aviary |
| 51:56 | Arcane Vault |
| 52:58 | Guard Tower |
| 53:09 | Siege Engine |
| 53:10 | Siege Engine |
| 53:10 | Siege Engine |
| 53:15 | Dragonhawk Rider |
| 53:15 | Dragonhawk Rider |
| 53:16 | Dragonhawk Rider |
| 53:16 | Dragonhawk Rider |
| 53:16 | Dragonhawk Rider |
| 53:16 | Dragonhawk Rider |
| 53:16 | Dragonhawk Rider |
| 53:16 | Dragonhawk Rider |
| 53:16 | Dragonhawk Rider |
| 53:16 | Dragonhawk Rider |
| 53:16 | Dragonhawk Rider |
| 53:21 | Farm |
| 53:25 | Farm |
| 54:12 | Dragonhawk Rider |
| 54:13 | Dragonhawk Rider |
| 54:13 | Dragonhawk Rider |
| 54:13 | Dragonhawk Rider |
| 54:13 | Dragonhawk Rider |
| 54:13 | Dragonhawk Rider |
| 54:24 | Farm |
| Right click | 2277 |
| Select | 1487 |
| Select group | 1107 |
| Build/train/purchase | 427 |
| Misc. action | 294 |
| Use ability | 180 |
| Assign group | 90 |
| Resource trade | 24 |
| Minimap ping | 12 |
| Item give/drop | 10 |
| Esc | 10 |
| Chat | 10 |
| Remove unit | 5 |
Beholder
(5)
(136:54) : 



| Lesser Clarity Potion | 2 | 140 |
| Rod of Necromancy | 1 | 150 |
| Potion of Healing | 2 | 300 |
| Sacrificial Skull | 2 | 100 |
| Scroll of Town Portal | 4 | 1400 |
| Staff of Sanctuary | 3 | 750 |
| Orb of Venom | 4 | 1300 |
| Scroll of Regeneration | 1 | 100 |
| total: | 19 | 4240g |
| Acolyte | 12 | 900 | / | 0 |
| Ghoul | 4 | 480 | / | 0 |
| Crypt Fiend | 10 | 2150 | / | 400 |
| Gargoyle | 1 | 175 | / | 30 |
| Obsidian Statue | 5 | 1000 | / | 175 |
| Banshee | 5 | 775 | / | 150 |
| Frost Wyrm | 5 | 1925 | / | 600 |
| Wisp | 4 | 240 | / | 0 |
| Archer | 6 | 780 | / | 60 |
| Hippogryph | 15 | 2400 | / | 300 |
| total: | 67 | 10825g | / | 1715w |
| Spirit Tower | 3 | 435 | / | 120 |
| Nerubian Tower | 3 | 300 | / | 60 |
| Crypt | 1 | 200 | / | 50 |
| Graveyard | 1 | 215 | / | 0 |
| Altar of Darkness | 1 | 180 | / | 50 |
| Ziggurat | 10 | 1500 | / | 500 |
| Tomb of Relics | 2 | 260 | / | 60 |
| Necropolis | 2 | 450 | / | 0 |
| Slaughterhouse | 1 | 140 | / | 135 |
| Temple of the Damned | 1 | 155 | / | 140 |
| Sacrificial Pit | 1 | 75 | / | 150 |
| Boneyard | 2 | 350 | / | 400 |
| Halls of the Dead | 1 | 320 | / | 210 |
| Black Citadel | 1 | 325 | / | 230 |
| Watch Tower | 14 | 1540 | / | 1120 |
| Moon Well | 3 | 540 | / | 120 |
| Great Hall | 7 | 2695 | / | 1295 |
| Altar of Storms | 1 | 180 | / | 50 |
| War Mill | 3 | 615 | / | 0 |
| Tree of Ages | 1 | 320 | / | 180 |
| Stronghold | 2 | 630 | / | 380 |
| total: | 50 | 9095g | / | 4070w |
| 0:02 | Acolyte |
| 0:02 | Acolyte |
| 0:06 | Crypt |
| 0:10 | Graveyard |
| 0:29 | Acolyte |
| 0:31 | Altar of Darkness |
| 0:46 | Ziggurat |
| 1:09 | Ghoul |
| 1:37 | Crypt Fiend |
| 1:42 | Ziggurat |
| 1:58 | Tomb of Relics |
| 2:13 | Crypt Fiend |
| 2:23 | Wisp |
| 2:36 | Death Coil |
| 2:37 | Crypt Fiend |
| 2:58 | Spirit Tower |
| 3:15 | Spirit Tower |
| 3:20 | Lesser Clarity Potion |
| 3:28 | Ghoul |
| 4:06 | Acolyte |
| 4:21 | Acolyte |
| 4:43 | Tomb of Relics |
| 5:02 | Acolyte |
| 5:39 | Crypt Fiend |
| 5:40 | Halls of the Dead |
| 5:43 | Unholy Aura |
| 5:46 | Crypt Fiend |
| 5:56 | Tree of Ages |
| 5:59 | Archer |
| 6:18 | Entangling Roots |
| 6:21 | Rod of Necromancy |
| 6:27 | Ziggurat |
| 6:39 | Ghoul |
| 6:39 | Ghoul |
| 7:35 | Crypt Fiend |
| 7:54 | Death Coil |
| 8:04 | Black Citadel |
| 8:42 | Entangling Roots |
| 8:55 | Slaughterhouse |
| 8:56 | Temple of the Damned |
| 9:01 | Frost Nova |
| 9:08 | Necropolis |
| 9:27 | Necropolis |
| 10:11 | Frost Armor |
| 10:38 | Destroyer Form |
| 10:38 | Banshee Adept Training |
| 10:39 | Stone Form |
| 10:39 | Gargoyle |
| 10:41 | Acolyte |
| 10:41 | Acolyte |
| 10:42 | Acolyte |
| 11:02 | Acolyte |
| 11:07 | Acolyte |
| 11:33 | Unholy Aura |
| 11:38 | Frost Nova |
| 11:52 | Scout |
| 11:56 | Banshee Master Training |
| 12:02 | Carrion Swarm |
| 12:37 | Ziggurat |
| 12:38 | Ziggurat |
| 12:39 | Ziggurat |
| 12:39 | Ziggurat |
| 12:40 | Ziggurat |
| 12:41 | Ziggurat |
| 12:43 | Acolyte |
| 12:47 | Scroll of Town Portal |
| 12:47 | Staff of Sanctuary |
| 14:12 | Nerubian Tower |
| 14:13 | Nerubian Tower |
| 14:13 | Spirit Tower |
| 14:48 | Orb of Venom |
| 14:51 | Staff of Sanctuary |
| 15:05 | Moon Armor |
| 15:05 | Strength of the Moon |
| 15:06 | Ultravision |
| 15:37 | Moon Well |
| 15:40 | Moon Well |
| 15:44 | Sleep |
| 15:51 | Obsidian Statue |
| 15:52 | Web |
| 15:53 | Burrow |
| 16:07 | Wisp |
| 16:07 | Wisp |
| 17:19 | Staff of Sanctuary |
| 17:20 | Lesser Clarity Potion |
| 17:21 | Scroll of Regeneration |
| 17:35 | Potion of Healing |
| 17:48 | Potion of Healing |
| 17:50 | Orb of Venom |
| 18:49 | Blink |
| 18:50 | Orb of Venom |
| 18:58 | Archer |
| 18:58 | Archer |
| 19:00 | Hippogryph |
| 19:00 | Hippogryph |
| 19:00 | Hippogryph |
| 19:01 | Improved Moon Armor |
| 19:01 | Improved Strength of the Moon |
| 19:05 | Wisp |
| 19:15 | Obsidian Statue |
| 19:16 | Banshee |
| 19:56 | Orb of Venom |
| 21:30 | Scroll of Town Portal |
| 21:38 | Creature Attack |
| 21:38 | Creature Carapace |
| 22:17 | Advanced Moon Armor |
| 22:18 | Advanced Strength of the Moon |
| 22:27 | Boneyard |
| 22:27 | Boneyard |
| 23:21 | Improved Creature Attack |
| 24:17 | Banshee |
| 24:20 | Improved Creature Carapace |
| 25:38 | Frost Armor |
| 26:24 | Carrion Swarm |
| 27:03 | Great Hall |
| 27:45 | Advanced Creature Carapace |
| 27:45 | Advanced Creature Attack |
| 27:56 | Banshee |
| 27:56 | Banshee |
| 27:57 | Obsidian Statue |
| 27:57 | Obsidian Statue |
| 27:59 | Crypt Fiend |
| 27:59 | Crypt Fiend |
| 28:00 | Frost Wyrm |
| 28:00 | Frost Wyrm |
| 28:00 | Frost Wyrm |
| 28:00 | Frost Wyrm |
| 28:01 | Frost Wyrm |
| 28:20 | Hippogryph |
| 28:20 | Hippogryph |
| 28:20 | Hippogryph |
| 28:21 | Hippogryph |
| 28:22 | Archer |
| 28:22 | Archer |
| 28:22 | Archer |
| 28:36 | Scout |
| 29:40 | Sacrificial Pit |
| 29:53 | Death Coil |
| 30:55 | Stronghold |
| 32:01 | Obsidian Statue |
| 32:30 | Altar of Storms |
| 32:48 | Crypt Fiend |
| 33:46 | Banshee |
| 33:48 | Crypt Fiend |
| 34:56 | Freezing Breath |
| 35:09 | Great Hall |
| 36:07 | Hippogryph |
| 36:07 | Hippogryph |
| 36:12 | Moon Well |
| 36:26 | Hippogryph |
| 36:26 | Hippogryph |
| 36:26 | Hippogryph |
| 36:26 | Hippogryph |
| 36:26 | Hippogryph |
| 36:26 | Hippogryph |
| 37:47 | Scroll of Town Portal |
| 37:48 | Scroll of Town Portal |
| 38:44 | Sacrificial Skull |
| 38:47 | Sacrificial Skull |
| 41:26 | Ziggurat |
| 43:47 | Trueshot Aura |
| 44:35 | Nerubian Tower |
| 63:52 | Great Hall |
| 64:00 | Great Hall |
| 64:08 | Great Hall |
| 64:14 | Great Hall |
| 64:15 | Great Hall |
| 64:51 | Sleep |
| 65:05 | Unholy Aura |
| 65:11 | Tranquility |
| 65:24 | Blink |
| 66:36 | War Mill |
| 67:15 | Stronghold |
| 67:19 | War Mill |
| 68:05 | War Mill |
| 68:11 | Engineering Upgrade |
| 69:35 | Reinforced Defenses |
| 70:10 | Watch Tower |
| 70:12 | Watch Tower |
| 70:15 | Watch Tower |
| 70:15 | Watch Tower |
| 71:16 | Watch Tower |
| 71:20 | Watch Tower |
| 71:25 | Watch Tower |
| 72:07 | Devotion Aura |
| 74:42 | Watch Tower |
| 74:47 | Watch Tower |
| 76:29 | Watch Tower |
| 77:40 | Watch Tower |
| 91:27 | Frost Nova |
| 112:21 | Carrion Swarm |
| 112:25 | Starfall |
| 113:43 | Watch Tower |
| 113:47 | Blizzard |
| 115:03 | Watch Tower |
| 115:05 | Watch Tower |
| 115:58 | Cluster Rockets |
| 126:27 | Death and Decay |
| 126:50 | Holy Light |
| 135:50 | Inferno |
| 136:05 | Shadow Strike |
| 136:17 | Animate Dead |
| 136:21 | Force of Nature |
| Right click | 5991 |
| Select | 3398 |
| Chat | 2021 |
| Select group | 1978 |
| Build/train/purchase | 638 |
| Use ability | 494 |
| Assign group | 163 |
| Misc. action | 162 |
| Minimap ping | 78 |
| Resource trade | 47 |
| Esc | 16 |
| Item give/drop | 14 |
350 units @ 57.6k
/ 10.7k
223 buildings @ 18.5k
/ 10.2k


| Scroll of Regeneration | 2 | 200 |
| Lesser Clarity Potion | 1 | 70 |
| total: | 3 | 270g |
| Peasant | 36 | 2700 | / | 0 |
| Footman | 3 | 405 | / | 0 |
| Rifleman | 9 | 1845 | / | 270 |
| Spell Breaker | 2 | 430 | / | 60 |
| Sorceress | 2 | 310 | / | 40 |
| Flying Machine | 37 | 3700 | / | 1110 |
| Mortar Team | 4 | 720 | / | 280 |
| Dragonhawk Rider | 11 | 2200 | / | 330 |
| Gryphon Rider | 32 | 8960 | / | 2240 |
| total: | 136 | 21270g | / | 4330w |
| Scout Tower | 40 | 1200 | / | 800 |
| Guard Tower | 10 | 700 | / | 500 |
| Arcane Tower | 5 | 350 | / | 250 |
| Altar of Kings | 1 | 180 | / | 50 |
| Barracks | 1 | 160 | / | 60 |
| Farm | 13 | 1040 | / | 260 |
| Blacksmith | 1 | 140 | / | 60 |
| Arcane Vault | 3 | 390 | / | 90 |
| Lumber Mill | 1 | 120 | / | 0 |
| Town Hall | 1 | 385 | / | 205 |
| Arcane Sanctum | 1 | 150 | / | 140 |
| Workshop | 3 | 420 | / | 420 |
| Gryphon Aviary | 2 | 280 | / | 300 |
| Keep | 1 | 320 | / | 210 |
| Castle | 1 | 360 | / | 210 |
| total: | 67 | 4465g | / | 2385w |
| 0:02 | Peasant |
| 0:05 | Altar of Kings |
| 0:09 | Peasant |
| 0:18 | Barracks |
| 0:20 | Farm |
| 0:22 | Peasant |
| 0:31 | Peasant |
| 0:47 | Peasant |
| 0:57 | Farm |
| 1:12 | Peasant |
| 1:22 | Footman |
| 1:32 | Peasant |
| 1:43 | Blacksmith |
| 1:53 | Peasant |
| 1:59 | Farm |
| 2:09 | Storm Bolt |
| 2:14 | Footman |
| 2:39 | Farm |
| 2:40 | Footman |
| 3:16 | Rifleman |
| 3:38 | Rifleman |
| 3:55 | Rifleman |
| 4:16 | Keep |
| 4:21 | Arcane Vault |
| 4:56 | Rifleman |
| 5:12 | Rifleman |
| 5:13 | Black Gunpowder |
| 5:26 | Farm |
| 5:55 | Farm |
| 5:57 | Scroll of Regeneration |
| 6:02 | Lesser Clarity Potion |
| 6:08 | Farm |
| 6:24 | Studded Leather Armor |
| 7:28 | Rifleman |
| 7:47 | Bash |
| 7:48 | Holy Light |
| 7:55 | Arcane Sanctum |
| 8:14 | Farm |
| 8:21 | Rifleman |
| 8:22 | Long Rifles |
| 8:23 | Refined Gunpowder |
| 8:50 | Spell Breaker |
| 9:10 | Lumber Mill |
| 9:15 | Devotion Aura |
| 9:45 | Storm Bolt |
| 9:50 | Rifleman |
| 9:53 | Spell Breaker |
| 9:54 | Rifleman |
| 10:38 | Sorceress |
| 10:38 | Sorceress |
| 10:42 | Reinforced Leather Armor |
| 10:44 | Improved Lumber Harvesting |
| 11:15 | Town Hall |
| 11:23 | Control Magic |
| 11:46 | Peasant |
| 11:46 | Peasant |
| 11:47 | Peasant |
| 11:47 | Peasant |
| 12:07 | Scout Tower |
| 12:14 | Scout Tower |
| 12:15 | Scout Tower |
| 12:17 | Workshop |
| 12:33 | Peasant |
| 13:41 | Peasant |
| 13:42 | Peasant |
| 13:42 | Peasant |
| 13:48 | Scout Tower |
| 13:48 | Scout Tower |
| 13:49 | Peasant |
| 13:50 | Peasant |
| 13:50 | Peasant |
| 13:52 | Flying Machine |
| 13:54 | Guard Tower |
| 13:55 | Scout Tower |
| 14:34 | Peasant |
| 14:35 | Peasant |
| 14:35 | Peasant |
| 14:40 | Peasant |
| 14:40 | Peasant |
| 14:50 | Arcane Tower |
| 14:53 | Arcane Tower |
| 15:12 | Holy Light |
| 15:39 | Peasant |
| 15:39 | Peasant |
| 15:39 | Peasant |
| 15:41 | Scout Tower |
| 15:42 | Peasant |
| 15:45 | Castle |
| 15:46 | Peasant |
| 15:47 | Peasant |
| 15:47 | Peasant |
| 16:05 | Scout Tower |
| 16:05 | Scout Tower |
| 16:06 | Scout Tower |
| 16:21 | Arcane Tower |
| 16:22 | Scout Tower |
| 17:23 | Flare |
| 17:25 | Workshop |
| 17:26 | Workshop |
| 17:29 | Farm |
| 17:30 | Farm |
| 17:30 | Farm |
| 18:09 | Guard Tower |
| 18:11 | Guard Tower |
| 18:14 | Arcane Tower |
| 18:16 | Arcane Tower |
| 18:18 | Guard Tower |
| 18:28 | Peasant |
| 18:28 | Peasant |
| 18:28 | Peasant |
| 18:34 | Scout Tower |
| 18:34 | Scout Tower |
| 18:36 | Scout Tower |
| 18:38 | Fragmentation Shards |
| 18:38 | Mortar Team |
| 18:43 | Advanced Lumber Harvesting |
| 18:45 | Peasant |
| 18:46 | Peasant |
| 18:52 | Scroll of Regeneration |
| 19:08 | Guard Tower |
| 19:10 | Mortar Team |
| 19:13 | Farm |
| 19:15 | Farm |
| 19:23 | Bash |
| 20:21 | Mortar Team |
| 20:39 | Improved Masonry |
| 20:58 | Imbued Gunpowder |
| 22:15 | Scout Tower |
| 22:16 | Scout Tower |
| 22:18 | Scout Tower |
| 22:19 | Scout Tower |
| 22:20 | Scout Tower |
| 22:20 | Scout Tower |
| 22:21 | Scout Tower |
| 22:21 | Scout Tower |
| 22:26 | Advanced Masonry |
| 22:44 | Iron Plating |
| 22:57 | Flying Machine Bombs |
| 22:57 | Flak Cannons |
| 24:09 | Flying Machine |
| 24:09 | Flying Machine |
| 24:09 | Flying Machine |
| 24:09 | Flying Machine |
| 24:09 | Flying Machine |
| 24:11 | Flying Machine |
| 24:58 | Flying Machine |
| 24:59 | Flying Machine |
| 25:24 | Flying Machine |
| 25:25 | Flying Machine |
| 25:25 | Flying Machine |
| 25:26 | Flying Machine |
| 28:17 | Storm Bolt |
| 28:20 | Devotion Aura |
| 33:33 | Flying Machine |
| 33:34 | Flying Machine |
| 33:34 | Flying Machine |
| 33:34 | Flying Machine |
| 33:34 | Flying Machine |
| 33:41 | Steel Plating |
| 33:43 | Imbued Masonry |
| 35:13 | Holy Light |
| 35:16 | Avatar |
| 37:01 | Gryphon Aviary |
| 37:02 | Arcane Vault |
| 39:20 | Cloud |
| 39:20 | Dragonhawk Rider |
| 39:21 | Dragonhawk Rider |
| 43:12 | Scout Tower |
| 43:12 | Scout Tower |
| 43:13 | Scout Tower |
| 43:14 | Scout Tower |
| 43:15 | Scout Tower |
| 43:15 | Scout Tower |
| 43:16 | Scout Tower |
| 43:17 | Scout Tower |
| 43:18 | Scout Tower |
| 43:31 | Mortar Team |
| 44:34 | Guard Tower |
| 44:49 | Guard Tower |
| 44:55 | Guard Tower |
| 45:07 | Guard Tower |
| 46:24 | Scout Tower |
| 46:25 | Scout Tower |
| 46:26 | Scout Tower |
| 46:27 | Scout Tower |
| 46:28 | Scout Tower |
| 46:29 | Scout Tower |
| 46:29 | Scout Tower |
| 48:26 | Guard Tower |
| 48:30 | Scout Tower |
| 48:31 | Scout Tower |
| 48:55 | Mithril Plating |
| 54:38 | Flying Machine |
| 54:38 | Flying Machine |
| 54:38 | Flying Machine |
| 54:38 | Flying Machine |
| 54:39 | Flying Machine |
| 54:39 | Flying Machine |
| 54:39 | Flying Machine |
| 55:36 | Flying Machine |
| 55:36 | Flying Machine |
| 55:36 | Flying Machine |
| 55:36 | Flying Machine |
| 59:51 | Iron Forged Swords |
| 59:55 | Storm Hammers |
| 59:56 | Gryphon Rider |
| 59:56 | Gryphon Rider |
| 59:56 | Gryphon Rider |
| 61:10 | Dragonhawk Rider |
| 61:12 | Gryphon Rider |
| 61:42 | Steel Forged Swords |
| 63:05 | Animal War Training |
| 72:32 | Flying Machine |
| 72:32 | Flying Machine |
| 72:33 | Flying Machine |
| 72:33 | Flying Machine |
| 73:07 | Arcane Vault |
| 74:54 | Flying Machine |
| 74:54 | Flying Machine |
| 74:55 | Flying Machine |
| 74:56 | Flying Machine |
| 103:51 | Gryphon Aviary |
| 103:53 | Gryphon Rider |
| 103:53 | Gryphon Rider |
| 103:53 | Gryphon Rider |
| 103:54 | Gryphon Rider |
| 105:08 | Dragonhawk Rider |
| 105:08 | Dragonhawk Rider |
| 105:08 | Dragonhawk Rider |
| 105:10 | Gryphon Rider |
| 105:11 | Gryphon Rider |
| 105:11 | Gryphon Rider |
| 105:11 | Gryphon Rider |
| 105:14 | Mithril Forged Swords |
| 106:33 | Gryphon Rider |
| 106:34 | Gryphon Rider |
| 106:34 | Gryphon Rider |
| 106:34 | Gryphon Rider |
| 106:41 | Dragonhide Armor |
| 109:02 | Dragonhawk Rider |
| 109:09 | Dragonhawk Rider |
| 109:11 | Dragonhawk Rider |
| 109:12 | Dragonhawk Rider |
| 119:24 | Gryphon Rider |
| 119:24 | Gryphon Rider |
| 119:24 | Gryphon Rider |
| 119:25 | Gryphon Rider |
| 120:03 | Gryphon Rider |
| 120:04 | Gryphon Rider |
| 121:38 | Gryphon Rider |
| 121:39 | Gryphon Rider |
| 121:39 | Gryphon Rider |
| 121:39 | Gryphon Rider |
| 124:08 | Dragonhawk Rider |
| 124:09 | Gryphon Rider |
| 129:15 | Gryphon Rider |
| 129:15 | Gryphon Rider |
| 129:28 | Gryphon Rider |
| 129:29 | Gryphon Rider |
| 131:13 | Gryphon Rider |
| Right click | 4286 |
| Select group | 2258 |
| Select | 1002 |
| Misc. action | 723 |
| Build/train/purchase | 274 |
| Use ability | 93 |
| Chat | 75 |
| Assign group | 74 |
| Minimap ping | 49 |
| Resource trade | 33 |
| Esc | 30 |
| Remove unit | 7 |


| Staff of Sanctuary | 1 | 250 |
| Orb of Fire | 1 | 325 |
| Ivory Tower | 3 | 120 |
| Scroll of Town Portal | 3 | 1050 |
| Tiny Great Hall | 1 | 600 |
| Scroll of Speed | 3 | 150 |
| total: | 12 | 2495g |
| Peasant | 52 | 3900 | / | 0 |
| Footman | 7 | 945 | / | 0 |
| Rifleman | 9 | 1845 | / | 270 |
| Sorceress | 3 | 465 | / | 60 |
| Priest | 5 | 675 | / | 50 |
| Mortar Team | 9 | 1620 | / | 630 |
| Dragonhawk Rider | 5 | 1000 | / | 150 |
| Gryphon Rider | 30 | 8400 | / | 2100 |
| total: | 120 | 18850g | / | 3260w |
| Scout Tower | 88 | 2640 | / | 1760 |
| Arcane Tower | 7 | 490 | / | 350 |
| Guard Tower | 12 | 840 | / | 600 |
| Altar of Kings | 1 | 180 | / | 50 |
| Farm | 12 | 960 | / | 240 |
| Barracks | 1 | 160 | / | 60 |
| Blacksmith | 1 | 140 | / | 60 |
| Arcane Vault | 1 | 130 | / | 30 |
| Lumber Mill | 1 | 120 | / | 0 |
| Town Hall | 6 | 2310 | / | 1230 |
| Arcane Sanctum | 2 | 300 | / | 280 |
| Workshop | 2 | 280 | / | 280 |
| Gryphon Aviary | 4 | 560 | / | 600 |
| Keep | 1 | 320 | / | 210 |
| Castle | 1 | 360 | / | 210 |
| total: | 119 | 7780g | / | 4590w |
| 0:05 | Peasant |
| 0:05 | Peasant |
| 0:09 | Altar of Kings |
| 0:13 | Farm |
| 0:14 | Farm |
| 0:29 | Peasant |
| 0:36 | Barracks |
| 0:56 | Peasant |
| 0:56 | Peasant |
| 1:06 | Peasant |
| 1:16 | Peasant |
| 1:27 | Peasant |
| 1:33 | Peasant |
| 1:33 | Peasant |
| 1:36 | Scout Tower |
| 1:43 | Footman |
| 1:51 | Peasant |
| 1:59 | Farm |
| 2:03 | Footman |
| 2:12 | Arcane Tower |
| 2:38 | Footman |
| 2:41 | Farm |
| 3:03 | Scout Tower |
| 3:04 | Scout Tower |
| 3:04 | Scout Tower |
| 3:11 | Storm Bolt |
| 4:07 | Footman |
| 4:07 | Footman |
| 4:07 | Footman |
| 4:08 | Footman |
| 4:10 | Arcane Tower |
| 4:18 | Keep |
| 4:29 | Scout Tower |
| 5:53 | Bash |
| 6:00 | Arcane Tower |
| 6:07 | Farm |
| 6:09 | Blacksmith |
| 6:53 | Arcane Sanctum |
| 6:54 | Arcane Sanctum |
| 6:57 | Peasant |
| 7:34 | Rifleman |
| 7:34 | Rifleman |
| 8:21 | Sorceress |
| 8:21 | Priest |
| 8:27 | Holy Light |
| 8:41 | Rifleman |
| 8:43 | Arcane Vault |
| 8:50 | Scout Tower |
| 8:56 | Farm |
| 9:03 | Farm |
| 9:53 | Priest |
| 9:55 | Rifleman |
| 9:57 | Arcane Tower |
| 10:00 | Lumber Mill |
| 10:04 | Storm Bolt |
| 10:12 | Divine Shield |
| 10:39 | Sorceress |
| 10:42 | Farm |
| 11:44 | Scout Tower |
| 11:44 | Scout Tower |
| 11:45 | Scout Tower |
| 11:45 | Scout Tower |
| 11:46 | Scout Tower |
| 11:47 | Scout Tower |
| 11:47 | Scout Tower |
| 11:48 | Scout Tower |
| 11:49 | Scout Tower |
| 12:06 | Black Gunpowder |
| 12:08 | Sorceress Adept Training |
| 12:09 | Priest Adept Training |
| 12:40 | Peasant |
| 12:41 | Peasant |
| 12:41 | Peasant |
| 13:45 | Guard Tower |
| 14:37 | Guard Tower |
| 14:55 | Priest |
| 15:01 | Improved Masonry |
| 15:09 | Improved Lumber Harvesting |
| 15:13 | Castle |
| 16:20 | Priest |
| 16:56 | Bash |
| 17:08 | Holy Light |
| 18:13 | Town Hall |
| 18:32 | Advanced Masonry |
| 18:36 | Scout Tower |
| 18:37 | Scout Tower |
| 18:37 | Scout Tower |
| 18:38 | Scout Tower |
| 18:47 | Scroll of Town Portal |
| 18:48 | Staff of Sanctuary |
| 18:52 | Sorceress Master Training |
| 18:54 | Priest Master Training |
| 20:22 | Peasant |
| 20:25 | Rifleman |
| 20:25 | Rifleman |
| 20:26 | Refined Gunpowder |
| 21:07 | Peasant |
| 21:07 | Peasant |
| 21:07 | Peasant |
| 21:07 | Peasant |
| 21:45 | Town Hall |
| 22:25 | Long Rifles |
| 22:59 | Imbued Masonry |
| 23:07 | Sorceress |
| 23:10 | Priest |
| 23:13 | Farm |
| 24:21 | Peasant |
| 24:22 | Peasant |
| 24:22 | Peasant |
| 24:24 | Guard Tower |
| 24:26 | Scout Tower |
| 24:27 | Scout Tower |
| 24:28 | Scout Tower |
| 24:28 | Scout Tower |
| 24:29 | Scout Tower |
| 24:29 | Scout Tower |
| 24:30 | Scout Tower |
| 24:58 | Scroll of Town Portal |
| 25:00 | Orb of Fire |
| 25:52 | Guard Tower |
| 26:51 | Peasant |
| 26:51 | Peasant |
| 26:51 | Peasant |
| 26:52 | Peasant |
| 26:52 | Peasant |
| 27:49 | Peasant |
| 27:49 | Peasant |
| 28:20 | Divine Shield |
| 29:52 | Storm Bolt |
| 32:39 | Rifleman |
| 32:39 | Rifleman |
| 32:39 | Rifleman |
| 32:42 | Workshop |
| 32:43 | Workshop |
| 32:47 | Imbued Gunpowder |
| 34:54 | Peasant |
| 34:54 | Peasant |
| 34:54 | Peasant |
| 34:54 | Peasant |
| 34:54 | Peasant |
| 34:57 | Peasant |
| 34:57 | Peasant |
| 34:57 | Peasant |
| 34:57 | Peasant |
| 34:57 | Peasant |
| 35:30 | Avatar |
| 35:48 | Fragmentation Shards |
| 35:49 | Flare |
| 35:49 | Mortar Team |
| 38:00 | Farm |
| 38:00 | Farm |
| 38:01 | Farm |
| 39:29 | Town Hall |
| 41:59 | Scout Tower |
| 42:00 | Scout Tower |
| 42:01 | Scout Tower |
| 42:01 | Scout Tower |
| 42:02 | Scout Tower |
| 42:08 | Scout Tower |
| 42:09 | Scout Tower |
| 42:09 | Scout Tower |
| 42:36 | Town Hall |
| 42:42 | Town Hall |
| 42:45 | Guard Tower |
| 43:09 | Guard Tower |
| 43:30 | Guard Tower |
| 43:34 | Guard Tower |
| 43:37 | Scout Tower |
| 43:42 | Holy Light |
| 43:57 | Guard Tower |
| 44:00 | Scout Tower |
| 44:00 | Scout Tower |
| 44:03 | Scout Tower |
| 44:32 | Arcane Tower |
| 44:33 | Arcane Tower |
| 44:36 | Arcane Tower |
| 45:17 | Scout Tower |
| 45:19 | Peasant |
| 45:19 | Peasant |
| 45:24 | Scout Tower |
| 45:27 | Scout Tower |
| 45:28 | Scout Tower |
| 45:55 | Guard Tower |
| 46:00 | Guard Tower |
| 46:02 | Scout Tower |
| 46:03 | Scout Tower |
| 46:03 | Scout Tower |
| 46:59 | Town Hall |
| 48:31 | Gryphon Aviary |
| 48:43 | Gryphon Aviary |
| 48:50 | Iron Forged Swords |
| 48:51 | Iron Plating |
| 48:51 | Studded Leather Armor |
| 48:55 | Guard Tower |
| 48:57 | Gryphon Aviary |
| 49:12 | Flying Machine Bombs |
| 49:13 | Flak Cannons |
| 49:16 | Animal War Training |
| 50:09 | Magic Sentry |
| 50:14 | Scout Tower |
| 50:15 | Scout Tower |
| 50:17 | Scout Tower |
| 50:19 | Scout Tower |
| 50:20 | Scout Tower |
| 50:22 | Scout Tower |
| 50:23 | Scout Tower |
| 50:25 | Scout Tower |
| 50:26 | Scout Tower |
| 50:27 | Scout Tower |
| 50:32 | Cloud |
| 50:33 | Storm Hammers |
| 50:37 | Gryphon Aviary |
| 54:40 | Steel Forged Swords |
| 54:40 | Steel Plating |
| 54:41 | Reinforced Leather Armor |
| 56:29 | Dragonhawk Rider |
| 56:29 | Dragonhawk Rider |
| 56:29 | Dragonhawk Rider |
| 56:29 | Dragonhawk Rider |
| 56:33 | Gryphon Rider |
| 56:33 | Gryphon Rider |
| 56:33 | Gryphon Rider |
| 56:33 | Gryphon Rider |
| 56:34 | Gryphon Rider |
| 56:34 | Gryphon Rider |
| 56:34 | Gryphon Rider |
| 56:38 | Mithril Forged Swords |
| 58:38 | Gryphon Rider |
| 59:33 | Gryphon Rider |
| 59:44 | Gryphon Rider |
| 60:15 | Gryphon Rider |
| 61:33 | Gryphon Rider |
| 61:40 | Dragonhide Armor |
| 66:04 | Mortar Team |
| 66:04 | Mortar Team |
| 66:51 | Peasant |
| 66:51 | Peasant |
| 66:59 | Peasant |
| 66:59 | Peasant |
| 66:59 | Peasant |
| 66:59 | Peasant |
| 67:00 | Peasant |
| 71:41 | Peasant |
| 72:57 | Tiny Great Hall |
| 74:25 | Dragonhawk Rider |
| 74:30 | Mortar Team |
| 74:30 | Mortar Team |
| 74:30 | Mortar Team |
| 74:31 | Mortar Team |
| 76:11 | Mortar Team |
| 76:23 | Scroll of Town Portal |
| 84:13 | Ivory Tower |
| 84:35 | Ivory Tower |
| 84:45 | Ivory Tower |
| 85:52 | Scout Tower |
| 85:54 | Scout Tower |
| 85:55 | Scout Tower |
| 86:04 | Scout Tower |
| 86:06 | Scout Tower |
| 86:07 | Scout Tower |
| 86:08 | Scout Tower |
| 86:09 | Scout Tower |
| 86:11 | Scout Tower |
| 86:13 | Scout Tower |
| 86:15 | Scout Tower |
| 86:17 | Scout Tower |
| 86:50 | Scout Tower |
| 86:52 | Scout Tower |
| 86:58 | Scout Tower |
| 87:00 | Scout Tower |
| 87:01 | Scout Tower |
| 87:02 | Scout Tower |
| 87:03 | Scout Tower |
| 87:05 | Scout Tower |
| 87:07 | Scout Tower |
| 87:10 | Scout Tower |
| 87:12 | Scout Tower |
| 87:15 | Scout Tower |
| 87:17 | Scout Tower |
| 87:20 | Scout Tower |
| 87:21 | Scout Tower |
| 87:23 | Scout Tower |
| 87:26 | Scout Tower |
| 87:28 | Scout Tower |
| 87:38 | Scout Tower |
| 87:45 | Scout Tower |
| 87:46 | Scout Tower |
| 88:47 | Gryphon Rider |
| 89:04 | Gryphon Rider |
| 89:47 | Gryphon Rider |
| 89:57 | Gryphon Rider |
| 99:38 | Peasant |
| 99:38 | Peasant |
| 103:42 | Gryphon Rider |
| 103:42 | Gryphon Rider |
| 103:42 | Gryphon Rider |
| 103:43 | Gryphon Rider |
| 103:43 | Gryphon Rider |
| 103:43 | Gryphon Rider |
| 103:47 | Gryphon Rider |
| 106:13 | Scroll of Speed |
| 106:36 | Scroll of Speed |
| 107:56 | Scroll of Speed |
| 127:31 | Bash |
| 129:30 | Gryphon Rider |
| 129:30 | Gryphon Rider |
| 129:30 | Gryphon Rider |
| 129:30 | Gryphon Rider |
| 130:48 | Mortar Team |
| 132:46 | Gryphon Rider |
| 132:46 | Gryphon Rider |
| 132:46 | Gryphon Rider |
| Right click | 4671 |
| Select group | 2500 |
| Select | 1632 |
| Chat | 387 |
| Misc. action | 301 |
| Build/train/purchase | 240 |
| Use ability | 125 |
| Minimap ping | 100 |
| Resource trade | 96 |
| Assign group | 72 |
| Esc | 25 |
| Item give/drop | 5 |
| Remove unit | 3 |
Cabeelibob
(194)
(136:44) : 


| Healing Salve | 1 | 100 |
| Orb of Lightning | 1 | 375 |
| Lesser Clarity Potion | 1 | 70 |
| Tiny Great Hall | 1 | 600 |
| Scroll of Town Portal | 4 | 1400 |
| total: | 8 | 2545g |
| Peon | 16 | 1200 | / | 0 |
| Grunt | 9 | 1800 | / | 0 |
| Tauren | 13 | 3640 | / | 1040 |
| Troll Witch Doctor | 7 | 1015 | / | 175 |
| Shaman | 3 | 390 | / | 60 |
| Troll Batrider | 26 | 4160 | / | 1040 |
| Kodo Beast | 1 | 255 | / | 60 |
| Wind Rider | 19 | 5035 | / | 760 |
| total: | 94 | 17495g | / | 3135w |
| Watch Tower | 14 | 1540 | / | 1120 |
| Altar of Storms | 1 | 180 | / | 50 |
| Orc Burrow | 6 | 960 | / | 240 |
| War Mill | 1 | 205 | / | 0 |
| Barracks | 2 | 360 | / | 100 |
| Voodoo Lounge | 3 | 390 | / | 90 |
| Great Hall | 5 | 1925 | / | 925 |
| Tauren Totem | 2 | 270 | / | 310 |
| Spirit Lodge | 1 | 150 | / | 150 |
| Beastiary | 2 | 290 | / | 280 |
| Stronghold | 1 | 315 | / | 190 |
| Fortress | 1 | 325 | / | 190 |
| total: | 37 | 6270g | / | 3265w |
| 0:04 | Altar of Storms |
| 0:07 | Orc Burrow |
| 0:08 | Peon |
| 0:19 | Peon |
| 0:31 | Peon |
| 0:44 | War Mill |
| 1:06 | Barracks |
| 1:08 | Barracks |
| 1:14 | Peon |
| 1:32 | Peon |
| 1:50 | Peon |
| 1:58 | Peon |
| 2:04 | Orc Burrow |
| 2:24 | War Stomp |
| 2:30 | Grunt |
| 2:35 | Steel Melee Weapons |
| 2:36 | Peon |
| 2:36 | Peon |
| 3:17 | Grunt |
| 4:10 | Grunt |
| 4:10 | Grunt |
| 4:46 | Grunt |
| 5:09 | Stronghold |
| 5:16 | Voodoo Lounge |
| 5:50 | Grunt |
| 6:02 | Orc Burrow |
| 6:04 | Orc Burrow |
| 7:37 | Fortress |
| 7:40 | Grunt |
| 7:44 | Reinforced Defenses |
| 7:44 | Steel Armor |
| 8:28 | Troll Regeneration |
| 8:45 | Grunt |
| 8:47 | Thorium Melee Weapons |
| 9:05 | Healing Wave |
| 9:10 | Grunt |
| 10:16 | Endurance Aura |
| 10:35 | Tauren Totem |
| 10:37 | Tauren Totem |
| 10:41 | Healing Salve |
| 10:45 | Orb of Lightning |
| 11:06 | Orc Burrow |
| 11:29 | Arcanite Melee Weapons |
| 11:29 | Thorium Armor |
| 12:00 | Pulverize |
| 12:01 | Tauren |
| 12:20 | Orc Burrow |
| 12:41 | Tauren |
| 13:00 | Tauren |
| 13:04 | Hex |
| 13:43 | Tauren |
| 13:59 | Tauren |
| 14:38 | Tauren |
| 14:41 | Arcanite Armor |
| 15:00 | Tauren |
| 15:39 | Tauren |
| 16:16 | Endurance Aura |
| 17:08 | Tauren |
| 18:57 | Lesser Clarity Potion |
| 19:00 | Scroll of Town Portal |
| 20:06 | War Stomp |
| 21:24 | Tauren |
| 21:26 | Tauren |
| 22:35 | Great Hall |
| 22:37 | Great Hall |
| 22:44 | Great Hall |
| 24:44 | Healing Spray |
| 24:57 | Spirit Lodge |
| 26:01 | Berserker Strength |
| 26:40 | Witch Doctor Adept Training |
| 26:53 | Scroll of Town Portal |
| 27:15 | Tauren |
| 30:34 | Great Hall |
| 32:42 | Acid Bomb |
| 32:51 | Tauren |
| 32:53 | Witch Doctor Master Training |
| 32:53 | Troll Witch Doctor |
| 32:53 | Troll Witch Doctor |
| 33:36 | Endurance Aura |
| 34:51 | Healing Spray |
| 36:05 | Shaman Adept Training |
| 37:46 | Shaman Master Training |
| 37:46 | Shaman |
| 37:46 | Shaman |
| 37:46 | Shaman |
| 39:36 | Peon |
| 39:36 | Peon |
| 39:36 | Peon |
| 39:36 | Peon |
| 39:36 | Peon |
| 39:37 | Peon |
| 40:27 | Reincarnation |
| 41:11 | Peon |
| 44:22 | Watch Tower |
| 44:23 | Watch Tower |
| 44:24 | Watch Tower |
| 44:25 | Watch Tower |
| 44:26 | Watch Tower |
| 44:27 | Watch Tower |
| 44:30 | Watch Tower |
| 44:30 | Watch Tower |
| 44:31 | Watch Tower |
| 44:32 | Watch Tower |
| 44:32 | Watch Tower |
| 44:33 | Watch Tower |
| 44:34 | Watch Tower |
| 44:36 | Watch Tower |
| 47:40 | Beastiary |
| 47:43 | Beastiary |
| 48:47 | Liquid Fire |
| 49:53 | Troll Batrider |
| 49:53 | Troll Batrider |
| 49:54 | Troll Batrider |
| 49:54 | Troll Batrider |
| 50:44 | Troll Batrider |
| 51:45 | Troll Batrider |
| 51:45 | Troll Batrider |
| 51:45 | Troll Batrider |
| 52:54 | Troll Batrider |
| 52:55 | Troll Batrider |
| 53:41 | Troll Batrider |
| 53:41 | Troll Batrider |
| 53:47 | Steel Ranged Weapons |
| 54:48 | Great Hall |
| 54:56 | Troll Batrider |
| 54:56 | Troll Batrider |
| 54:56 | Troll Batrider |
| 54:56 | Troll Batrider |
| 56:17 | Troll Batrider |
| 56:17 | Troll Batrider |
| 56:28 | Thorium Ranged Weapons |
| 66:41 | Acid Bomb |
| 74:26 | War Drums Damage Increase |
| 74:27 | Kodo Beast |
| 75:21 | Scroll of Town Portal |
| 75:27 | Scroll of Town Portal |
| 81:22 | Tiny Great Hall |
| 81:34 | Voodoo Lounge |
| 91:52 | Troll Witch Doctor |
| 91:52 | Troll Witch Doctor |
| 91:52 | Troll Witch Doctor |
| 98:16 | Troll Batrider |
| 98:16 | Troll Batrider |
| 98:17 | Troll Batrider |
| 98:17 | Troll Batrider |
| 98:18 | Troll Batrider |
| 98:19 | Troll Batrider |
| 98:19 | Troll Batrider |
| 98:54 | Arcanite Ranged Weapons |
| 101:50 | Wind Rider |
| 101:50 | Wind Rider |
| 101:51 | Envenomed Spears |
| 102:15 | Wind Rider |
| 102:15 | Wind Rider |
| 102:15 | Wind Rider |
| 102:30 | Wind Rider |
| 102:30 | Wind Rider |
| 104:24 | Wind Rider |
| 104:24 | Wind Rider |
| 104:24 | Wind Rider |
| 104:24 | Wind Rider |
| 105:19 | Voodoo Lounge |
| 108:13 | Troll Batrider |
| 123:58 | Troll Witch Doctor |
| 123:59 | Troll Witch Doctor |
| 129:32 | Wind Rider |
| 129:32 | Wind Rider |
| 129:32 | Wind Rider |
| 129:32 | Wind Rider |
| 129:32 | Wind Rider |
| 129:32 | Wind Rider |
| 129:33 | Wind Rider |
| 130:27 | Wind Rider |
| Right click | 3199 |
| Select | 1145 |
| Chat | 1140 |
| Select group | 621 |
| Misc. action | 342 |
| Build/train/purchase | 189 |
| Resource trade | 174 |
| Use ability | 125 |
| Assign group | 72 |
| Minimap ping | 24 |
| Remove unit | 17 |
| Esc | 4 |
| Item give/drop | 2 |